 Dungeon Crawl Stone Soup version 0.32-a0-42-ga30500b4d3 (webtiles) character file.

Game seed: 23784892726237609

2009 Ceno the Basher (level 9, -2/86 HPs)
             Began as an Oni Warper on Feb 2, 2024.
             Was a Follower of Hepliaklqana.
             Slain by a steam dragon (5 damage)
             ... on level 6 of the Dungeon.
             The game lasted 00:25:54 (5080 turns).

Ceno the Basher (Oni Warper)                        Turns: 5080, Time: 00:25:55

Health: -2/86      AC:  7    Str: 21    XL:     9   Next: 22%
Magic:  12/12      EV:  9    Int: 14    God:    Hepliaklqana [*.....]
Gold:   205        SH:  0    Dex:  8    Spells: 6/12 levels left

rFire   . . .        o - +0 morningstar
rCold   . . .        (no shield)
rNeg    . . .        b - +0 robe
rPois   +            (helmet restricted)
rElec   .            (no cloak)
rCorr   .            (gloves unavailable)
SInv    .            (boots unavailable)
Will    .....        l - amulet of regeneration
Stlth   +            e - +4 ring of protection
HPRegen 1.14/turn    s - ring of poison resistance
MPRegen 0.13/turn

%: no passive effects
@: no status effects
A: reduced essence, large, unfitting armour, horns 1, tough skin 1, double
potion healing, drunken brawling
a: Renounce Religion, Recall Ancestor, Ancestor Identity


You were on level 6 of the Dungeon.
You worshipped Hepliaklqana.
Hepliaklqana was aware of your devotion.
You visited 2 branches of the dungeon, and saw 7 of its levels.

You collected 205 gold pieces.

Inventory:

Hand Weapons
 a - a +0 mace
 o - a +0 morningstar (weapon)
Missiles
 d - 7 darts of dispersal
 f - 31 stones (quivered)
 u - 11 poisoned darts
 v - 2 boomerangs
Armour
 b - a +0 robe (worn)
Jewellery
 e - a +4 ring of protection (left hand)
 l - an amulet of regeneration (around neck)
 m - a ring of see invisible
 s - a ring of poison resistance (right hand)
Wands
 n - a wand of quicksilver (8)
 x - a wand of charming (7)
Scrolls
 c - a scroll of blinking
 h - 2 scrolls of revelation
 k - 2 scrolls of fog
 q - 3 scrolls of fear
 t - a scroll of immolation {unknown}
 y - a scroll of teleportation {unknown}
 B - a scroll of vulnerability {unknown}
Potions
 i - a potion of attraction
 j - a potion of degeneration
 p - a potion of lignification {unknown}
 r - 2 potions of brilliance
 w - a potion of enlightenment {unknown}
 z - 2 potions of mutation
 A - a potion of haste {unknown}
 C - 2 potions of might {unknown}


   Skills:
 + Level 8.1 Fighting
 + Level 8.3 Maces & Flails
 - Level 1.0 Throwing
 - Level 2.1 Dodging
 - Level 2.4 Spellcasting
 * Level 6.3 Translocations


You had 6 spell levels left.
You knew the following spells:

 Your Spells              Type           Power      Damage    Failure   Level
a - Blink                 Tloc           38%        N/A       2%          2
b - Manifold Assault      Tloc           19%        N/A       17%         4

Your spell library contained the following spells:

 Spells                   Type           Power      Damage    Failure   Level
 Lesser Beckoning         Tloc           38%        N/A       2%          2
 Teleport Other           Tloc           19%        N/A       4%          3
 Foxfire                  Conj/Fire      4%         2x1d4     22%         1
 Necrotise                Necr           4%         1d4       22%         1
 Cigotuvi's Dreadful Rot  Necr/Alch/Air  2%         N/A       34%         2
 Vhi's Electric Charge    Tloc/Air       20%        N/A       52%         4
 Stone Arrow              Conj/Erth      2%         3d7       56%         3
 Vampiric Draining        Necr           1%         2d6       56%         3
 Animate Armour           Summ/Erth      2%         N/A       92%         4
 Dispel Undead            Necr           1%         3d6       92%         4
 Ignite Poison            Fire/Alch      1%         N/A       92%         4
 Martyr's Knell           Necr/Summ      1%         N/A       92%         4
 Sticky Flame             Fire/Alch      1%         2d4       92%         4
 Curse of Agony           Necr           1%         N/A       99%         5
 Death Channel            Necr           0%         N/A       100%        6
 Plasma Beam              Fire/Air       0%         2x1d10    100%        6
 Starburst                Conj/Fire      0%         6d3       100%        6
 Ignition                 Fire           0%         3d3       100%        8
 Lehudib's Crystal Spear  Conj/Erth      0%         10d2      100%        8


Dungeon Overview and Level Annotations

Branches:
Dungeon (6/15)             Temple (1/1) D:5

Altars:
Cheibriados
Elyvilon
Fedhas
Hepliaklqana
Kikubaaqudgha
Makhleb
Nemelex Xobeh
Okawaru
Qazlal
Ru
Sif Muna
Uskayaw
Vehumet
Xom
Yredelemnul
Zin
The Shining One

Annotations:
D:2 Sigmund
D:4 Edmund, Ijyb, Menkaure
Temple 2 transporters


Innate Abilities, Weirdness & Mutations

Your life essence is reduced to manifest your ancestor. (-10% HP)
You are too large for most types of armour.
You have a pair of small horns on your head.
You have tough skin. (AC +1)
You gain doubled healing and magic from potions.
Whenever you drink a healing potion, you attack all around you.


Message History

You take a swig of the potion and twirl your +0 morningstar.
You hit the fungus.
The fungus is lightly damaged.
You barely miss the steam dragon.
The steam dragon is heavily wounded.
You puncture the fungus!
The fungus begins to die.
You headbutt the fungus.
The fungus is lightly damaged.
You savour every drop.
You feel better.
The fungus is engulfed in a cloud of scalding steam. x2
Servius closely misses the steam dragon.
The steam dragon breathes steam at you. The ball of steam hits you!!
* * * LOW HITPOINT WARNING * * *
You take a swig of the potion and twirl your +0 morningstar.
You thump the fungus!
The fungus is lightly damaged.
You barely miss the steam dragon.
You headbutt the steam dragon, but do no damage.
The steam dragon is lightly wounded.
You barely miss the steam dragon.
You headbutt the steam dragon, but do no damage.
The steam dragon is heavily wounded.
You hit the fungus.
The fungus is lightly damaged.
You savour every drop.
You feel better.
You are engulfed in a cloud of scalding steam.
* * * LOW HITPOINT WARNING * * *
The fungus is engulfed in a cloud of scalding steam.
Servius barely misses the steam dragon.
The steam dragon bites you.
* * * LOW HITPOINT WARNING * * *
The steam dragon barely misses you.
The steam dragon bites you but does no damage.
The steam dragon claws you but does no damage.
A nearby fungus withers and dies.
Servius hits the steam dragon.
The steam dragon breathes steam at you.
The ball of steam hits the steam dragon!
The steam dragon resists.
The ball of steam hits you.
* * * LOW HITPOINT WARNING * * *
The steam dragon bites you.
You die...

...# #§# ##..#
##.# #.# #.~#
##.# #.# #..##
##.# #.# #P.~#
##.# #.# #~.≈#
...# #.# #..~#
#### #.# ##~§.#
######.# #..§P#
.......#
##.P@P#
######.#
#~.~D.## # #.#
#..RD.P# # #.#
#..~...#
#.######......#
#.............#
###############


You could see the friendly Servius the ancestor and 2 steam dragons.

Vanquished Creatures
  Jeremiah (D:6)
  A steam dragon (D:6)
  A water moccasin (D:5)
  2 sky beasts (D:6)
  A centaur (D:6)
  A phantom (D:6)
  2 bullfrogs (D:6)
  5 scorpions
  2 bombardier beetles
  2 gnoll boudas
  5 orc priests (D:6)
  A hound (D:5)
  An iguana (D:5)
  2 orc wizards
  Robin (D:3)
  11 gnolls
  6 adders
  8 river rats (D:5)
  A white imp (D:6)
  A dart slug (D:1)
  2 ribbon worms
  13 orcs
  11 ball pythons
  5 bats
  5 endoplasms
  9 giant cockroaches
  17 goblins
  8 hobgoblins
  6 jackals
  12 quokkas
  2 frilled lizards
  5 kobolds
  17 rats
167 creatures vanquished.

Vanquished Creatures (collateral kills)
  An orc (D:6)
1 creature vanquished.

Grand Total: 168 creatures vanquished

Notes
Turn   | Place    | Note
-------+----------+-------------------------------------------
     0 | D:1      | Ceno the Oni Warper began the quest for the Orb.
     0 | D:1      | Reached XP level 1. HP: 22/22 MP: 3/3
   316 | D:1      | Reached XP level 2. HP: 31/31 MP: 5/5
   325 | D:1      | Learned a level 2 spell: Blink
   514 | D:1      | Reached XP level 3. HP: 37/37 MP: 6/6
  1203 | D:2      | Found a blossoming altar of Fedhas.
  1340 | D:2      | Reached XP level 4. HP: 45/45 MP: 7/7
  1353 | D:2      | Learned a level 4 spell: Manifold Assault
  1389 | D:2      | Noticed Sigmund
  1821 | D:3      | Noticed Robin
  1855 | D:3      | Killed Robin
  2266 | D:3      | Reached XP level 5. HP: 54/54 MP: 8/8
  2669 | D:4      | Noticed Menkaure
  2906 | D:4      | Noticed Ijyb
  2962 | D:4      | Reached XP level 6. HP: 63/63 MP: 9/9
  2962 | D:4      | Noticed Edmund
  2981 | D:5      | Entered Level 5 of the Dungeon
  3039 | D:5      | Noticed a water moccasin
  3056 | D:5      | Killed a water moccasin
  3183 | D:5      | Found a staircase to the Ecumenical Temple.
  3192 | Temple   | Found a transporter.
  3192 | Temple   | Found a transporter.
  3192 | Temple   | Found a transporter.
  3192 | Temple   | Found a transporter.
  3192 | Temple   | Entered the Ecumenical Temple
  3207 | Temple   | Became a worshipper of Hepliaklqana the Forgotten
  3283 | D:5      | Reached skill level 5 in Fighting
  3283 | D:5      | Reached skill level 5 in Maces & Flails
  3519 | D:5      | Reached XP level 7. HP: 69/72 MP: 10/10
  4193 | D:6      | Reached XP level 8. HP: 71/83 MP: 11/11
  4299 | D:6      | Noticed Jeremiah
  4330 | D:6      | Reached skill level 5 in Translocations
  4680 | D:6      | Killed Jeremiah
  4681 | D:6      | Reached XP level 9. HP: 66/96 MP: 12/12
  4754 | D:6      | Reached * piety under Hepliaklqana
  5080 | D:6      | HP: 3/86 [steam dragon/ball of steam (5)]
  5080 | D:6      | Slain by a steam dragon

Illustrated notes

Levels and vault maps discovered:
D:1:      dpeg_arrival_three_same_balls, layout_basic
D:2:      layout_basic, basic_altar, uniq_sigmund
D:3:      minmay_general_purpose_star, layout_basic, uniq_robin
D:4:      layout_rooms, pdpol_wu_jian_five_deadly_venoms,
          kennysheep_generic_room_10, uniq_menkaure, uniq_edmund, uniq_ijyb
D:5:      lemuel_ratsnest, layout_cave_pods,
          minmay_temple_entry_statues_pillars, minmay_door_square,
          due_unseen_surprise
D:6:      kennysheep_steamy, layout_basic, uniq_jeremiah
Temple:   hellmonk_temple_divided_pantheon

Skill      XL: |  1  2  3  4  5  6  7  8 |
---------------+-------------------------+-----
Fighting       | 3 4 5 6 8 |  8.1
Translocations | 3 4 6 |  6.3
Maces & Flails | 3 4 5 6 8 |  8.3
Throwing       | |  1.0
Dodging        | |  2.1
Spellcasting   | |  2.4

Action                     |  1- 3 |  4- 6 |  7- 9 || total
---------------------------+-------+-------+-------++-------
  Melee: Mace              |   119 |    99 |       ||   218
         Headbutt          |    12 |    21 |    48 ||    81
         Punch             |     2 |     1 |     3 ||     6
         Morningstar       |       |    89 |   238 ||   327
  Throw: Stone             |     7 |     5 |     1 ||    13
         Dart              |       |       |     6 ||     6
    Use: Scroll            |     3 |     1 |     4 ||     8
         Potion            |       |       |     2 ||     2
 Armour: Robe              |    76 |   132 |   200 ||   408
  Dodge: Dodged            |    49 |    95 |    95 ||   239

Table legend: (Time is in decaauts)
 A = Elapsed time spent in this place.
 B = Non-inter-level travel time spent in this place.
 C = Inter-level travel time spent in this place.
 D = Time resting spent in this place.
 E = Time spent auto-exploring this place.
 F = Levels seen in this place.
 G = Mean time per level.
                   A        B        C        D        E       F      G
               +--------+--------+--------+--------+--------+-----+--------+
         Total |   5191 |   4978 |    213 |    209 |   1893 |   7 |  741.6 |
       Dungeon |   5162 |   4956 |    206 |    209 |   1893 |   6 |  860.3 |
        Temple |     29 |     22 |      7 |      0 |      0 |   1 |   29.0 |
               +--------+--------+--------+--------+--------+-----+--------+

Top non-repeatable levels by time:
     D:3: 1226 daAuts
     D:5: 1173 daAuts
     D:6: 940 daAuts
     D:1: 854 daAuts
     D:2: 641 daAuts
     D:4: 326 daAuts
  Temple: 29 daAuts
